 Dungeon Crawl Stone Soup version 0.19-a0-1457-g32fba05 (webtiles) character file.

29 rlgrobin the Ruffian (level 3, 27/27 HPs)
             Began as a Demonspawn Gladiator on Sept 6, 2016.
             Quit the game on level 1 of the Dungeon.
             The game lasted 00:01:22 (977 turns).

rlgrobin the Ruffian (Demonspawn Gladiator)          Turns: 977, Time: 00:01:22

Health: 27/27      AC:  6    Str: 12    XL:     3   Next: 1%
Magic:  3/3        EV: 11    Int:  9    God:
Gold:   22         SH:  0    Dex: 14    Spells: 0 memorised, 2 levels left

rFire  . . .     SeeInvis .       - Unarmed
rCold  . . .     Gourm    .     k - -1 ring mail (curse)
rNeg   . . .     Faith    .     (no shield)
rPois  .         Spirit   .     (helmet restricted)
rElec  .         Dismiss  .     (no cloak)
rCorr  .         Reflect  .     (no gloves)
MR     .....     Harm     .     (no boots)
Stlth  ..........               (no amulet)
                                g - -3 ring of strength (curse)
                                o - ring of loudness (curse)

@: no status effects
A: horns 1, slimy green scales 1
a: no special abilities


You were on level 1 of the Dungeon.
You were not hungry.

You visited 1 branch of the dungeon, and saw 1 of its levels.

You collected 22 gold pieces.

Inventory:

Missiles
 c - 3 throwing nets (quivered)
Armour
 a - a +0 leather armour
 b - a +0 helmet
 k - a cursed -1 ring mail (worn)
Jewellery
 e - an uncursed ring of fire
 g - a cursed -3 ring of strength (right hand)
 n - an uncursed ring of positive energy
 o - a cursed ring of loudness (left hand)
Scrolls
 i - 2 scrolls of identify {unknown}
Potions
 f - a potion of ambrosia {unknown}
 h - a potion of flight {unknown}
 j - 2 potions of magic {unknown}
 l - a potion of might {unknown}
 m - a potion of haste {unknown}
Comestibles
 d - a bread ration
 p - a royal jelly


   Skills:
 - Level 2.0 Fighting
 - Level 1.7 Throwing
 - Level 2.6 Dodging
 + Level 3.8 Unarmed Combat


You had 2 spell levels left.
You didn't know any spells.

Dungeon Overview and Level Annotations

Branches:
Dungeon (1/15)

Altars:


Innate Abilities, Weirdness & Mutations

You have a pair of small horns on your head.
You are partially covered in slimy green scales. (AC +2)


Message History

Your ring mail prevents you from hitting the ooze.
The ooze hits you but does no damage.
You hit the ooze.
The ooze is heavily wounded.
The ooze closely misses you.
You hit the ooze.
The ooze is severely wounded.
The ooze closely misses you.
You hit the ooze but do no damage.
The ooze is severely wounded.
The ooze hits you but does no damage.
You punch the ooze!
You kill the ooze!
You have reached level 3!
Your experience leads to an increase in your attributes!
Your base attributes are Str 15, Int 9, Dex 13.
Increase (S)trength, (I)ntelligence, or (D)exterity?
You feel agile.
Your demonic ancestry asserts itself...
Slimy green scales grow over part of your body.
Are you sure you want to abandon this character and quit the game? (Confirm with "yes".)

# #...##.#...# ...............# #
#...##.....# #.............##
####...##.....#######.......#####
............#+#...# ####.#######.
####..............#####........#.
...'..............##.............
####..............##.............
# #............####.............
######..........@.............##.
....................###..........
####.............................
#.............................
#.............................
#.............................
#............###...)......####
#......####### #..........#
####...# #..........#


There were no monsters in sight!

Vanquished Creatures
  An ooze (D:1)
  3 dart slugs (D:1)
  A giant gecko (D:1)
  2 bats (D:1)
  4 goblins (D:1)
  4 kobolds (D:1)
  A ball python (D:1)
  A rat (D:1)
17 creatures vanquished.

Notes
Turn   | Place    | Note
-------+----------+-------------------------------------------
     0 | D:1      | rlgrobin the Demonspawn Gladiator began the quest for the Orb.
     0 | D:1      | Reached XP level 1. HP: 16/16 MP: 1/1
   103 | D:1      | Reached skill level 3 in Unarmed Combat
   523 | D:1      | Gained mutation: You have a pair of small horns on your head. [demonic ancestry]
   523 | D:1      | Reached XP level 2. HP: 20/22 MP: 2/2
   976 | D:1      | Gained mutation: You are partially covered in slimy green scales. (AC +2) [demonic ancestry]
   976 | D:1      | Reached XP level 3. HP: 27/27 MP: 3/3
   977 | D:1      | Quit the game

Vault maps used:
D:1:      dpeg_arrival_three_bigger_balls

Skill      XL: |  1 |
---------------+----+-----
Unarmed Combat | 3 |  3.8
Fighting       | |  2.0
Throwing       | |  1.7
Dodging        | |  2.6

Action                   || total
-------------------------++-------
Melee: Unarmed           ||    61
       Headbutt          ||     4
       Punch             ||     1
Armor: Leather armour    ||     5
       Ring mail         ||    14
Dodge: Dodged            ||    27
